 Dungeon Crawl Stone Soup version 0.22-a0-512-g0943f25562 (webtiles) character file.

19 Delvair the Conjurer (level 2, -3/20 HPs)
             Began as a Draconian Conjurer on June 18, 2018.
             Slain by a leopard gecko (4 damage)
             ... on level 2 of the Dungeon.
             The game lasted 00:06:42 (846 turns).

Delvair the Conjurer (Draconian Conjurer)            Turns: 846, Time: 00:06:42

Health: -3/20      AC:  4    Str: 10    XL:     2   Next: 55%
Magic:  4/5        EV: 12    Int: 15    God:
Gold:   51         SH:  0    Dex: 11    Spells: 2/5 levels left

rFire    . . .     SeeInvis .   a - +0 spear
rCold    . . .     Gourm    .   (no shield)
rNeg     . . .     Faith    .   (armour unavailable)
rPois    .         Spirit   .   (helmet restricted)
rElec    .         Reflect  .   (no cloak)
rCorr    .         Harm     .   (no gloves)
MR       .....                  (no boots)
Stlth    ++........             (no amulet)
HPRegen  0.06/turn              (no ring)
MPRegen  0.09/turn              (no ring)

@: very slightly contaminated
A: unfitting armour, cold-blooded, AC +4
a: no special abilities


You were on level 2 of the Dungeon.
You were not hungry.

You visited 1 branch of the dungeon, and saw 2 of its levels.

You collected 51 gold pieces.

Inventory:

Hand Weapons
 a - a +0 spear (weapon)
Missiles
 d - 10 poisoned needles
Scrolls
 c - a scroll of identify {unknown}
 g - 2 scrolls of fear {unknown}
 h - 2 scrolls of teleportation {unknown}
Potions
 e - a potion of might {unknown}
Comestibles
 b - 4 rations


   Skills:
 + Level 1.8 Dodging
 + Level 1.7 Stealth
 * Level 2.0 Spellcasting
 * Level 4.7 Conjurations


You had 2 spell levels left.
You knew the following spells:

 Your Spells              Type           Power        Failure   Level  Hunger
a - Magic Dart            Conj           ###.         3%          1    #......
b - Searing Ray           Conj           ###...       4%          2    ###....

Your spell library contained the following spells:

 Spells                   Type           Power        Failure   Level  Hunger
 Iskenderun's Mystic Bla  Conj           ###.....     32%         4    #####..
 Fulminant Prism          Conj/Hex       #.........   63%         4    #####..
 Dazzling Spray           Conj/Hex       #.....       26%         3    ###....
 Force Lance              Conj/Tloc      #.......     63%         4    #####..


Dungeon Overview and Level Annotations

Branches:
Dungeon (2/15)

Altars:

Annotations:
D:2 Jessica


Innate Abilities, Weirdness & Mutations

Your plain brown scales are hard. (AC +4)
You cannot fit into any form of body armour.
You are cold-blooded and may be slowed by cold attacks.


Message History

The jackal barks!
You hit the leopard gecko.
Your tail-slap misses the leopard gecko.
The leopard gecko is heavily wounded.
The leopard gecko bites you.
* * * LOW HITPOINT WARNING * * *
The leopard gecko barely misses you. The hobgoblin hits you with a club.
* * * LOW HITPOINT WARNING * * *
The leopard gecko bites you but does no damage.
The leopard gecko bites you but does no damage.
The jackal bites you but does no damage.
The leopard gecko misses you.
A rat comes into view.
Jessica gestures wildly.
Jessica mumbles something strange.
Jessica casts a spell.
Jessica blinks!
The rat twitches its whiskers.
The leopard gecko bites you.
You die...

..........##..#
...........#.#
.............#
......h.....#
............#
........Sh..#
.......h.gh.#####
....@...ll.##...##
.....r...@##.....##
..?................
##.###.#.##.......#
.. (..#..#.......#
#####.........##
##........##
###.......#
#.......# #<......#


You could see an adder, Jessica, 2 leopard geckos, 4 jackals, a hobgoblin and a
rat.

Vanquished Creatures
  An ooze (D:1)
  A dart slug (D:1)
  4 bats
  2 kobolds (D:1)
  5 frilled lizards
  2 goblins (D:1)
  A rat (D:1)
16 creatures vanquished.

Notes
Turn   | Place    | Note
-------+----------+-------------------------------------------
     0 | D:1      | Delvair the Draconian Conjurer began the quest for the Orb.
     0 | D:1      | Reached XP level 1. HP: 14/14 MP: 3/3
   329 | D:1      | Reached XP level 2. HP: 14/20 MP: 5/5
   340 | D:1      | Learned a level 2 spell: Searing Ray
   837 | D:2      | Noticed Jessica
   841 | D:2      | HP: 1/20 [hobgoblin/club (4)]
   846 | D:2      | Slain by a leopard gecko

Vault maps used:
D:1:      lightli_arrival_statue_moat, minmay_misc_feat_ornament,
          minmay_misc_feat_tower
D:2:      roderic_roman_lattice, uniq_sigmund, uniq_jessica, uniq_robin

Action                   || total
-------------------------++-------
Melee: Spear             ||    20
       Unarmed           ||     5
       Tailslap          ||     4
 Cast: Magic Dart        ||    16
       Searing Ray       ||     1
Armor: Skin              ||     9
Dodge: Dodged            ||    26

Table legend:
 A = Spawn XP
 B = Non-spawn XP
 C = Spawn XP percentage of total XP
 D = Spawn monster count
 E = Non-spawn monster count
 F = Spawn count percentage of total count
 G = Total turns spent on level
                    A         B        C        D         E        F      G
               +---------+---------+-------+---------+---------+-------+---------
         Total |       0 |      28 |   0.0 |       0 |      16 |   0.0 |   846
               +---------+---------+-------+---------+---------+-------+---------
           D:1 |       0 |      26 |   0.0 |       0 |      14 |   0.0 |   822
           D:2 |       0 |       2 |   0.0 |       0 |       2 |   0.0 |    24
               +---------+---------+-------+---------+---------+-------+---------
